Cogmind - Beta 17.1 @@@ ROGUE MODE // 2026.09.10 @ 11:52:20 Player: Fedop Result: Destroyed by H-61 Shepherd with Heavy Assault Cannon Performance ------------- Evolutions (4) 2000 Regions Visited (7) 1400 Robots Destroyed (98) 490 Value Destroyed (2376) 2376 Prototype IDs (8) 160 Alien Tech Used (0) 0 Bonus (0) 0 TOTAL SCORE: 6426 Bonus ------- None Cogmind --------- Core Integrity 0/850 Matter 5/300 Energy 99/100 System Corruption 18% Temperature Cool (9) Movement Core (50) Location -6/Factory Parts ------- > --- POWER (1) -------- (None) > --- PROPULSION (5) --- Multireflex Exoskeleton > --- UTILITY (6) ------ Enhanced Optical Array System Shield > --- WEAPON (3) ------- (None) > --- INVENTORY (5) ---- Improved Airjet Actuator Array Corruption Screen Shock Maul Heavy Pick Peak State ------------ > --- POWER ------------ Angular Momentum Engine > --- PROPULSION ------- Medium Treads Medium Treads Medium Treads Improved Medium Treads Wheel > --- UTILITY ---------- Structural Scanner Terrain Scanner Focal Shield Hardlight Generator System Shield > --- WEAPON ----------- High-powered Shotgun Heavy Machine Gun > --- INVENTORY -------- Improved Deuterium Engine Medium Treads Advanced Weight Redist. System ECM Suite Force Lance [Rating: 45] Favorites ----------- Power Heavy Ion Engine Engine Heavy Ion Engine Power Core Light Nuclear Core Propulsion Wheel Treads Medium Treads Leg Multireflex Exoskeleton Wheel Wheel Utility High-capacity Storage Unit Device Sensor Array Storage High-capacity Storage Unit Processor Signal Interpreter Hackware System Shield Protection Light Armor Plating Weapon Assault Rifle Energy Gun Gatling Laser Energy Cannon Beam Cannon Ballistic Gun Assault Rifle Ballistic Cannon Flak Cannon Special Weapon Mining Laser Build | -11 -10 -9 -8 -7 -6 -6 -6 ------- Run | Yrd Mat Mat Mat Fac Fac Was Fac Slots Evolved 8 | . . 2 2 2 2 . . Power . | . . . . . . . . Propulsion 3 | . . . 1 1 1 . . Utility 4 | . . 2 1 1 . . . Weapon 1 | . . . . . 1 . . Parts Attached 75 | 7 11 19 12 4 3 . 19 Power 12 | 1 1 3 2 2 . . 3 Engine 11 | 1 1 3 1 2 . . 3 Core 1 | . . . 1 . . . . Reactor . | . . . . . . . . Propulsion 18 | 2 2 6 1 . . . 7 Treads 5 | . . . . . . . 5 Leg 1 | . . . . . . . 1 Wheel 12 | 2 2 6 1 . . . 1 Hover . | . . . . . . . . Flight . | . . . . . . . . Utility 27 | 2 5 5 5 1 2 . 7 Device 13 | 1 2 1 3 1 . . 5 Storage 4 | 1 2 1 . . . . . Processor 3 | . . 1 . . 1 . 1 Hackware 2 | . . . . . 1 . 1 Protection 5 | . 1 2 2 . . . . Artifact . | . . . . . . . . Weapon 18 | 2 3 5 4 1 1 . 2 Energy Gun 2 | . . . 1 1 . . . Energy Cannon 3 | . 1 1 1 . . . . Ballistic Gun 9 | 2 1 3 . . 1 . 2 Ballistic Cannon 3 | . . 1 2 . . . . Launcher . | . . . . . . . . Special Weapon 1 | . 1 . . . . . . Impact Weapon . | . . . . . . . . Slashing Weapon . | . . . . . . . . Piercing Weapon . | . . . . . . . . Special Melee Weapon . | . . . . . . . . Unidentified Prototypes 4 | . . 1 1 1 . . 1 Parts Lost 29 | . 4 10 3 . 2 5 5 Power 2 | . 1 1 . . . . . Propulsion 12 | . 2 5 1 . . 1 3 Utility 10 | . . 2 2 . 2 2 2 Weapon 5 | . 1 2 . . . 2 . Highest Loss Streak 4 | . 1 3 2 . 2 4 3 To Critical Strikes . | . . . . . . . . Average Backups 14 | 2 13 17 19 19 19 16 4 Power 2 | . 1 2 2 2 3 2 . Propulsion . | . . 1 . . . . . Utility 5 | . 5 6 9 8 10 8 2 Weapon 5 | 1 6 7 6 8 6 5 1 Tool/Special . | . . . . . . . . Unused Backups 31 | . . 8 4 1 1 9 8 Power 4 | . . 1 2 1 . . . Propulsion 1 | . . . . . . . 1 Utility 9 | . . . . . 1 4 4 Weapon 17 | . . 7 2 . . 5 3 Tool/Special . | . . . . . . . . Average Slot Usage (%) 86 | . 98 98 96 92 85 67 52 Engine 8 | . 13 10 7 2 6 5 3 Treads 4 | . . . . . . . 20 Wheel 19 | . 26 21 25 23 20 15 1 Device 13 | . 14 12 16 23 15 10 9 Storage 8 | . 14 11 9 7 6 5 . Processor 6 | . . 11 9 7 9 10 1 Hackware 1 | . . . . . 3 5 4 Protection 4 | . . 8 9 7 2 . . Energy Cannon 5 | . 13 2 2 7 6 3 . Ballistic Gun 9 | . 14 16 1 . 6 3 7 Ballistic Cannon 2 | . . 2 13 . . . . Peak Build Rating 45 | 9 9 18 26 30 34 34 45 Average Rating 19 | 7 7 14 22 27 33 26 30 On Entrance 15 | . 9 8 18 24 30 34 1 Avg Prop Armor Cover (%) 32 | . . . . . . . 32 Naked Turns 30 | . . . . . . 22 8 Heaviest Build 72 | 14 53 58 66 69 72 66 29 Greatest Support 142 | 20 26 32 32 32 32 32 142 Greatest Overweight (x) 4 | . 3 3 2 2 2 4 2 Average Overweight (x) 1 | . 1 1 1 1 2 1 . Largest Inventory Capacity 20 | 8 20 20 20 20 20 20 5 Average Capacity 16 | 7 18 20 20 20 20 17 5 Most Carried 20 | 4 17 20 20 20 20 20 5 Average Carried 14 | 2 13 17 19 19 19 16 4 Final Capacity 20 | 8 20 20 20 20 20 5 5 Final Carried 20 | 3 17 20 20 20 19 5 5 Class Distribution -------------------- 72% | Mutant 16% | Scavenger-Mutant 9% | Scavenger-Skirmisher Dominant Class ---------------- Mutant | -10/Materials Mutant | -9/Materials Mutant | -8/Materials Scavenger-Skirmisher | -7/Factory Scavenger-Skirmisher | -6/Factory Scavenger-Skirmisher | -6/Waste Mutant | -6/Factory Resources | -11 -10 -9 -8 -7 -6 -6 -6 ----------- Run | Yrd Mat Mat Mat Fac Fac Was Fac Matter Collected 2240 | 251 520 750 532 140 35 . 12 Remotely . | . . . . . . . . Salvage Created 3088 | 203 874 1381 543 40 35 . 12 Parts 205 | 20 59 89 29 3 2 . 3 Haulers Intercepted 8 | . 2 5 1 . . . . Recyclers Shooed 6 | 1 2 2 1 . . . . Parts Field Recycled . | . . . . . . . . Retrieved Matter . | . . . . . . . . Parts Self-Destructed . | . . . . . . . . Prevented . | . . . . . . . . Parts Restored . | . . . . . . . . Kills | -11 -10 -9 -8 -7 -6 -6 -6 ------- Run | Yrd Mat Mat Mat Fac Fac Was Fac Combat Hostiles Destroyed 59 | . 15 23 20 1 . . . Guns 14 | . 2 11 . 1 . . . Cannons 43 | . 12 11 20 . . . . Classes Destroyed 13 | 3 5 2 1 1 1 . . Worker 10 | 2 2 4 2 . . . . Builder 3 | . 1 . . . 1 . 1 Tunneler 6 | 5 1 . . . . . . Hauler 8 | . 2 5 1 . . . . Recycler 6 | 1 2 3 . . . . . Operator 1 | . . . . . 1 . . Watcher 5 | . 1 2 2 . . . . Swarmer 11 | . 4 . 7 . . . . Grunt 37 | . 11 17 9 . . . . Brawler 1 | . . . 1 . . . . Duelist 2 | . . 1 1 . . . . Sentry 7 | . . 5 2 . . . . Programmer 1 | . . . . 1 . . . Best Kill Streak 7 | 7 7 7 7 1 1 . 1 Combat Bots Only 6 | . 6 6 6 1 . . . Max Kills in Single Turn 2 | 1 2 1 2 1 1 . 1 Gunslinging . | . . . . . . . . Exploded . | . . . . . . . . Melee . | . . . . . . . . Uniques/NPCs Destroyed . | . . . . . . . . Combat | -11 -10 -9 -8 -7 -6 -6 -6 -------- Run | Yrd Mat Mat Mat Fac Fac Was Fac Hostile Shots Fired 447 | . 69 98 92 5 . 5 178 Missed 158 | . 29 27 37 . . 1 64 Hits 289 | . 40 71 55 5 . 4 114 Melee 10 | . . 5 1 . . 4 . Projectile 279 | . 40 66 54 5 . . 114 AOE 1 | . . . . . . . 1 Critical Strikes 7 | . . 2 1 . . 1 3 Damage Taken 4163 | . 446 1129 547 77 118 136 1710 Core 1163 | . 62 147 77 15 . 74 788 Absorbed by Shields 182 | . . . 182 . . . . Ignored by Resistances 159 | . . . . . . . 159 Core Remaining (%) 84 | 100 75 63 86 97 . . . Volleys Fired 246 | 18 74 88 55 5 3 1 2 Largest 3 | 2 2 2 2 2 3 3 2 Hottest 180 | 40 120 83 112 155 180 180 55 Shots Fired 494 | 36 147 175 110 10 9 3 4 Gun 234 | 36 73 108 . 5 6 2 4 Cannon 258 | . 72 67 110 5 3 1 . Launcher . | . . . . . . . . Special 2 | . 2 . . . . . . Kinetic 347 | 36 73 149 81 . 3 1 4 Thermal 147 | . 74 26 29 10 6 2 . Explosive . | . . . . . . . . Electromagnetic . | . . . . . . . . Robot Hit Streak 19 | 12 8 19 14 12 3 1 2 Robot Miss Streak 15 | 1 3 4 15 1 5 3 3 Penetration Max . | . . . . . . . . Secondary Targets . | . . . . . . . . Shots Hit Robots 333 | 26 76 133 83 9 3 1 2 Core Hits 185 | 14 28 60 76 2 4 . 1 Critical Kills 2 | . 2 . . . . . . Critical Parts Destroyed 2 | 1 . 1 . . . . . Critical Strikes 4 | 1 2 1 . . . . . Meltdown 1 | . 1 . . . . . . Destroy 3 | 1 1 1 . . . . . Melee Attacks . | . . . . . . . . Impact . | . . . . . . . . Slashing . | . . . . . . . . Piercing . | . . . . . . . . Sneak Attacks . | . . . . . . . . Combat Hostiles . | . . . . . . . . Follow-up Attacks . | . . . . . . . . Damage Inflicted 5837 | 256 1239 2202 1694 268 75 54 49 Guns 2263 | 256 400 1322 . 142 75 29 39 Cannons 3564 | . 839 880 1694 126 . 25 . Explosions . | . . . . . . . . Melee . | . . . . . . . . Ramming 10 | . . . . . . . 10 Kinetic 3841 | 256 400 1835 1265 . 29 17 39 Thermal 1986 | . 839 367 429 268 46 37 . Explosive . | . . . . . . . . Electromagnetic . | . . . . . . . . Impact . | . . . . . . . . Slashing . | . . . . . . . . Piercing . | . . . . . . . . Highest Corruption 19 | . 1 2 . 2 . 17 19 Average Corruption 9 | . 1 1 . 2 . 10 17 Corruption Purged 1 | . . . . . . . 1 Corruption Blocked . | . . . . . . . . Effects 57 | . 2 5 . 1 . 7 42 Message Errors 14 | . . 2 . . . 1 11 Matter Fused 13 | . . 2 . . . . 11 Heat Flow Errors 7 | . . . . . . 1 6 Energy Discharges 7 | . 2 1 . . . 1 3 Parts Rejected 2 | . . . . . . . 2 Data Loss (minor) 3 | . . . . 1 . . 2 Data Loss (major) 4 | . . . . . . 1 3 Alerts 2 | . . . . . . 1 1 Misdirections 5 | . . . . . . 2 3 Overload Shots . | . . . . . . . . Overflow Damage 74 | . 10 . 7 . 57 . . Projectiles 17 | . 10 . 7 . . . . Explosions 57 | . . . . . 57 . . Melee . | . . . . . . . . Knockbacks 50 | . . 10 40 . . . . Impact . | . . . . . . . . Kinetic 48 | . . 10 38 . . . . Secondary 2 | . . . 2 . . . . Self-Inflicted Damage 120 | . . . . . 120 . . Shots 2 | . . . . . 2 . . Rammed 2 | . . . . . . . 2 Targets Rammed 5 | . . . . . . . 5 Kicked 3 | . . . . . . . 3 Crushed . | . . . . . . . . Highest Temperature 299 | . 299 222 93 135 116 246 239 Average Temperature 50 | . 58 58 15 62 52 91 100 Received Heat Transfer 922 | . 189 393 202 . . . 138 Effects 2 | . . 2 . . . . . Interference 2 | . . 2 . . . . . Siege Activations . | . . . . . . . . Martial Activations . | . . . . . . . . Shielding Activations . | . . . . . . . . Robots Disrupted . | . . . . . . . . Combat Hostiles . | . . . . . . . . Robots Corrupted . | . . . . . . . . Combat Hostiles . | . . . . . . . . Parts Fried . | . . . . . . . . Impact Corruptions . | . . . . . . . . Robots Melted 2 | . 1 1 . . . . . Combat Hostiles 2 | . 1 1 . . . . . Parts Melted 8 | . 4 1 2 1 . . . Heat Transferred 3742 | . 1776 777 629 398 100 62 . Parts Sabotaged . | . . . . . . . . Parts Stolen . | . . . . . . . . Parts Stripped . | . . . . . . . . Power Chain Reactions . | . . . . . . . . Alert | -11 -10 -9 -8 -7 -6 -6 -6 ------- Run | Yrd Mat Mat Mat Fac Fac Was Fac Maximum Alert Level 1 | . 1 1 1 . . . . Low Security (%) 71 | 100 60 39 70 100 100 100 100 Level 1 28 | . 39 60 29 . . . . Level 2 . | . . . . . . . . Level 3 . | . . . . . . . . Level 4 . | . . . . . . . . Level 5 . | . . . . . . . . High Security . | . . . . . . . . Max Security . | . . . . . . . . Peak Influence 360 | 15 271 360 341 147 68 8 72 Initial 147 | . 3 109 120 147 9 8 . Average 118 | 3 137 223 153 63 33 . 5 Influence Increases 2223 | 40 580 747 577 31 93 . 155 Destroy 0b10 Robot/C 1180 | . 300 460 400 20 . . . Destroy 0b10 Robot/NC 195 | 40 45 70 25 . 10 . 5 Destroy Leader 316 | . 76 134 96 10 . . . Successful Hack 41 | . 21 6 14 . . . . Disable Machine 120 | . 30 30 . . 60 . . Destroy Structure 41 | . 3 2 12 1 23 . . Partial Spotted 15 | . . . . . . . 15 Lose Combat Pursuer 315 | . 105 45 30 . . . 135 Influence Decreases 2173 | 35 326 720 538 335 91 23 105 Entered New Map 523 | . 2 150 166 178 12 15 . Time Decay 1409 | 35 284 470 342 157 59 8 54 Lost Part 210 | . 40 100 30 . 20 . 20 Purge Threat 31 | . . . . . . . 31 Squads Dispatched 18 | . 4 5 6 1 . . 2 Investigation 9 | . 2 5 2 . . . . Extermination 2 | . . . . 1 . . 1 Reinforcement 4 | . 2 . 1 . . . 1 Assault . | . . . . . . . . Garrison 3 | . . . 3 . . . . Intercept . | . . . . . . . . Searches Triggered . | . . . . . . . . Construction Impeded . | . . . . . . . . Haulers Reinforced . | . . . . . . . . Active Scanning Responses . | . . . . . . . . Cargo Convoy Interrupts . | . . . . . . . . Stealth | -11 -10 -9 -8 -7 -6 -6 -6 --------- Run | Yrd Mat Mat Mat Fac Fac Was Fac Distress Signals 8 | . 1 2 4 . . . 1 Communications Jammed . | . . . . . . . . Distress Signals . | . . . . . . . . Times Spotted 120 | . 29 31 32 1 1 5 21 Peak Tracking Total 9 | . 5 3 8 1 1 6 9 Tactical Retreats 12 | . 4 2 1 . . . 5 Traps | -11 -10 -9 -8 -7 -6 -6 -6 ------- Run | Yrd Mat Mat Mat Fac Fac Was Fac Traps Triggered 7 | . 2 3 1 . 1 . . Indirectly . | . . . . . . . . Trap Hack Attempts . | . . . . . . . . Triggered . | . . . . . . . . Disarmed . | . . . . . . . . Reprogrammed . | . . . . . . . . Reused . | . . . . . . . . Traps Extracted . | . . . . . . . . Installed . | . . . . . . . . Triggered . | . . . . . . . . Machines | -11 -10 -9 -8 -7 -6 -6 -6 ---------- Run | Yrd Mat Mat Mat Fac Fac Was Fac Machines Disabled 8 | . 2 2 . . 4 . . Max in Single Turn 4 | . 1 1 . . 4 . . Machines Repaired . | . . . . . . . . Machines Dismantled . | . . . . . . . . Machines Sabotaged . | . . . . . . . . Overloaded Fab Kills . | . . . . . . . . Hacking | -11 -10 -9 -8 -7 -6 -6 -6 --------- Run | Yrd Mat Mat Mat Fac Fac Was Fac Machines Accessed 16 | . 4 5 5 . . . 2 Terminals 14 | . 3 5 4 . . . 2 Fabricators . | . . . . . . . . Repair Stations . | . . . . . . . . Recycling Units 1 | . 1 . . . . . . Scanalyzers . | . . . . . . . . Garrison Access 1 | . . . 1 . . . . Total Hacks 50 | . 10 17 15 . . . 8 Successful 15 | . 5 5 4 . . . 1 Failed 34 | . 5 11 11 . . . 7 Catastrophic 8 | . 2 2 4 . . . . Database Lockouts 1 | . . 1 . . . . . Manual 41 | . 9 20 7 . . . 5 Terminals 46 | . 8 17 13 . . . 8 Fabricators . | . . . . . . . . Repair Stations . | . . . . . . . . Recycling Units 2 | . 2 . . . . . . Scanalyzers . | . . . . . . . . Garrison Access 2 | . . . 2 . . . . Terminal Hacks 9 | . 2 4 2 . . . 1 Robot Analysis 4 | . 1 2 1 . . . . Prototype ID Bank 3 | . 1 1 1 . . . . Alert Level 1 | . . 1 . . . . . Unreport Threat 1 | . . . . . . . 1 Fabricator Hacks . | . . . . . . . . Repair Station Hacks . | . . . . . . . . Recycling Unit Hacks . | . . . . . . . . Scanalyzer . | . . . . . . . . Garrison Access Hacks . | . . . . . . . . Unauthorized Hacks 6 | . 3 1 2 . . . . Terminals 5 | . 2 1 2 . . . . Botnet 5 | . 2 1 2 . . . . Fabricators . | . . . . . . . . Repair Stations . | . . . . . . . . Recycling Units 1 | . 1 . . . . . . Mask 1 | . 1 . . . . . . Scanalyzers . | . . . . . . . . Garrison Access . | . . . . . . . . Data Cores Recovered . | . . . . . . . . Used . | . . . . . . . . Hacking Detections 16 | . 4 5 5 . . . 2 Full Trace Events 8 | . 1 4 3 . . . . Feedback Events 1 | . . 1 . . . . . Corruption 1 | . . 1 . . . . . Feedback Blocked . | . . . . . . . . Robot Schematics Acquired . | . . . . . . . . Robots Built . | . . . . . . . . Authchips . | . . . . . . . . Time . | . . . . . . . . Total Robot Build Rating . | . . . . . . . . Part Schematics Acquired . | . . . . . . . . Parts Built . | . . . . . . . . Authchips . | . . . . . . . . Time . | . . . . . . . . Total Part Build Rating . | . . . . . . . . Part Studies Acquired . | . . . . . . . . Parts Repaired . | . . . . . . . . Time . | . . . . . . . . Parts Recycled . | . . . . . . . . Recycled Matter . | . . . . . . . . Retrieved Matter . | . . . . . . . . Retrieved Components . | . . . . . . . . Parts Scanalyzed . | . . . . . . . . Part Schematics Acquired . | . . . . . . . . Parts Damaged . | . . . . . . . . Bothacking | -11 -10 -9 -8 -7 -6 -6 -6 ------------ Run | Yrd Mat Mat Mat Fac Fac Was Fac Used RIF Installer . | . . . . . . . . Robots Hacked . | . . . . . . . . Non-combat . | . . . . . . . . Combat . | . . . . . . . . Robot Hacks Applied . | . . . . . . . . Relay Couplers Released . | . . . . . . . . Fabnet Peak Effective % . | . . . . . . . . Robots Rewired . | . . . . . . . . Allies Hacked . | . . . . . . . . Hacks Repelled . | . . . . . . . . Allies | -11 -10 -9 -8 -7 -6 -6 -6 -------- Run | Yrd Mat Mat Mat Fac Fac Was Fac Total Allies . | . . . . . . . . Largest Group . | . . . . . . . . Highest-Rated Group . | . . . . . . . . Highest-Rated Ally . | . . . . . . . . Total Orders . | . . . . . . . . Ally Attacks . | . . . . . . . . Total Damage . | . . . . . . . . Kills . | . . . . . . . . Allies Corrupted . | . . . . . . . . Allies Melted . | . . . . . . . . Intel | -11 -10 -9 -8 -7 -6 -6 -6 ------- Run | Yrd Mat Mat Mat Fac Fac Was Fac Active Infowar (turns) 3559 | 99 979 868 480 373 121 141 498 Optics 261 | . . . . . . . 261 Sensors 2166 | . 183 868 480 373 121 141 . Terrain 380 | 99 13 . . . . . 268 Structural 1553 | . 783 42 . 236 . 1 491 Robot Analysis Total 4 | . 1 2 1 . . . . Derelict Logs Recovered . | . . . . . . . . Drone Launches . | . . . . . . . . Drone Recoveries . | . . . . . . . . Exploration | -11 -10 -9 -8 -7 -6 -6 -6 ------------- Run | Yrd Mat Mat Mat Fac Fac Was Fac Turns Passed 4632 | 133 983 1195 761 373 121 163 903 Spaces Moved 2910 | 87 554 673 317 142 90 150 897 Core 492 | 6 . . . . . 43 443 Treads 222 | . . . . . . . 222 Legs 61 | . . . . . . . 61 Wheels 2135 | 81 554 673 317 142 90 107 171 Hover . | . . . . . . . . Flight . | . . . . . . . . Fastest Speed 50 | 50 80 105 98 98 113 50 50 Average Speed 101 | 77 105 111 108 102 113 95 92 Slowest Speed 160 | 80 145 145 115 113 113 140 160 Overloaded Moves . | . . . . . . . . Propulsion Burnouts . | . . . . . . . . Robots Hopped . | . . . . . . . . Potential Cave-ins . | . . . . . . . . Cave-ins Triggered . | . . . . . . . . Exploration Rate (%) 34 | 4 68 66 24 3 3 88 23 Regions Visited 7 Branch Regions . Pre-discovered Areas . | . . . . . . . . Known Exits Taken 3 | . . 1 1 1 . . . Unknown Exits Taken 2 | 1 1 . . . . . . Scrap Searched . | . . . . . . . . Spaces Dug . | . . . . . . . . Terrain Destroyed 45 | . 1 . 10 . 34 . . Melee . | . . . . . . . . Projectile 11 | . 1 . 10 . . . . AOE 34 | . . . . . 34 . . Terrain Rammed . | . . . . . . . . Walls Destroyed . | . . . . . . . . Machines Disabled . | . . . . . . . . Actions | -11 -10 -9 -8 -7 -6 -6 -6 --------- Run | Yrd Mat Mat Mat Fac Fac Was Fac Total 4084 | 118 798 947 625 360 103 166 967 Wait 707 | . 142 117 214 199 3 10 22 Move 2904 | 86 553 672 316 141 90 149 897 Hop . | . . . . . . . . Pick Up 67 | 7 13 23 10 2 2 1 9 Fast Attach 36 | 3 3 5 3 4 2 2 14 Attach 31 | 4 3 13 6 1 1 1 2 Detach 13 | . 2 5 2 3 . 1 . Swap 27 | . 7 8 9 . . . 3 Drop 48 | . 1 16 10 5 2 1 13 Fire 246 | 18 74 88 55 5 3 1 2 Melee . | . . . . . . . . Ram 2 | . . . . . . . 2 Kick 3 | . . . . . . . 3 Crush . | . . . . . . . . Escape Stasis . | . . . . . . . . Rewire . | . . . . . . . . Trap . | . . . . . . . . Miscellaneous . | . . . . . . . . Route ------- -11/Scrapyard -10/Materials (discovered 3 exits: *Mat x2 / [*Min]) -9/Materials (discovered 3 exits: *Mat x2 / [*Min]) -8/Materials -7/Factory -6/Factory -6/Waste -6/Factory History --------- Turn | Location | Event 6 | -11/Scrapyard | Discovered new exit (range 16) 134 | -11/Scrapyard | Entered Materials 226 | -10/Materials | Discovered new exit (range 9) 318 | -10/Materials | Build established: Mutant 347 | -10/Materials | Discovered new exit (range 7) 831 | -10/Materials | Discovered new exit (range 10) 1117 | -10/Materials | Entered another Materials area 1117 | -9/Materials | Evolved 2 slots: Utility x2 1216 | -9/Materials | Lost 3 parts (1p1u1w) 1507 | -9/Materials | Lost 3 parts (2n1u) 1688 | -9/Materials | Central database locked down 1722 | -9/Materials | Discovered new exit (range 5) 1955 | -9/Materials | Discovered new exit (range 10) 2230 | -9/Materials | Discovered new exit (range 16) 2311 | -9/Materials | Identified exit to Materials 2312 | -9/Materials | Entered another Materials area 2312 | -8/Materials | Evolved 2 slots: Propulsion x1, Utility x1 2368 | -8/Materials | Garrison activated, responded to threat 3067 | -8/Materials | Discovered new exit (range 8) 3073 | -8/Materials | Identified exit to Factory 3073 | -8/Materials | Entered Factory 3073 | -7/Factory | Evolved 2 slots: Propulsion x1, Utility x1 3097 | -7/Factory | Discovered new exit (range 4) 3100 | -7/Factory | Identified exit to Factory 3446 | -7/Factory | Entered another Factory area 3446 | -6/Factory | Evolved 2 slots: Propulsion x1, Weapon x1 3567 | -6/Factory | Sucked down chute 3567 | -6/Factory | Entered Waste 3582 | -6/Waste | EMP discharged 3606 | -6/Waste | Spotted C-40 Crusher 3628 | -6/Waste | Spotted C-40 Crusher 3633 | -6/Waste | Spotted C-40 Crusher 3654 | -6/Waste | Spotted C-40 Crusher 3666 | -6/Waste | Crushed by Compactor (1 part destroyed, 2 dropped) 3682 | -6/Waste | EMP discharged 3682 | -6/Waste | System corruption reached 10% 3687 | -6/Waste | Spotted C-40 Crusher 3701 | -6/Waste | Crushed by Compactor (1 part destroyed, 2 dropped) 3704 | -6/Waste | Crushed by Compactor (1 part destroyed, 1 dropped) 3704 | -6/Waste | Released all parts (4) 3708 | -6/Waste | Crushed by Compactor (1 part destroyed, 1 dropped) 3717 | -6/Waste | Discovered new exit (range 12) 3730 | -6/Waste | Entered Factory 3739 | -6/Factory | Lost 4 parts (1n2u1w) 4468 | -6/Factory | Core integrity fell below 50% 4490 | -6/Factory | Lost 3 parts (2n1u) 4627 | -6/Factory | Core integrity fell below 20% 4633 | -6/Factory | Destroyed by H-61 Shepherd with Heavy Assault Cannon Last Messages --------------- 04579_ W-25 Informer sends out distress signal. 04585_ Slug penetrates Wall. 04593_ Dropped Corrupted Force Lance. 04597_ Acquired Hvy. Pick. 04598_ System corrupted: Heat flow error (+267). 04608_ Dropped ECM Suite. 04610_ Acquired Actuator Array. 04612_ Dropped Lgt. Deuterium Engine. 04613_ Acquired Prototype Impact Weapon. 04617_ Dropped Adv. Weight Redist. System. 04617_ Acquired Prototype Hover Unit. 04618_ Slug penetrates Door. 04618_ Penetrated by Slug. 04622_ Slug penetrates Wall. 04626_ Penetrated by Slug. 04626_ Structural Scanner destroyed. 04628_ WT &JDFEPMF XS6&YFY8 04629_ Slug penetrates Wall. 04631_ Knocked back. 04633_ Penetrated by Slug. Map ----- +----------------------------------------------------+ | ?????????????????????????????????????????????????? | | ?????????????????????????????????????????????????? | | ?????????????????????????????????????????????????? | | ?????????????????????????????????????????????????? | | ?????????????????????????????????????????????????? | | ?????????????????????????????????????????????????? | | ?????????????????????????????????????????????????? | | ?????????????????????????????????????????????????? | | ?????????????????????????????????????????????????? | | ??????????? ???????????????????????????????????? | | ??????????# ???????????????+#??????????????????? | | ??????????# ?????????????? #????????? ???????? | | ??????????# ???????????? #???????? ???????? | | ??????????+ ############ #??????? "???????? | | ????????? # ############ #??????? ""??????? | | ????????? # ** # ? ??#? ""??????? | | ?????????## ** # ? #? ?? ??? | | ?????????## * """# """ +? """ ??? | | ?????????## """# """ #? """ ""??? | | ?????????## F"# """ #? """ G??? | | ???????#### ""# #? "???? | | ???????? = # ## ???? | | ???????????? ##/##### ????? | | ???????????????? H ##????????? | | ??????????????????## ##????????? | | ?????????????????? # @ ] ##????????? | | ?????????????????? # ##????????? | | ?????????????????? # ##????????? | | ?????????????????? + !! ##????????? | | ?????????????????? # ! !/ g ##????????? | | ?????????????????? # #; %!Y ##????????? | | ?????????????????? ### ######; = ##????????? | | ?????????????????? ### ####### g ##????????? | | ?????????????????#####g####### """ ///##????????? | | ?????????????????#####/####### """g// ##????????? | | ?????????????????## ### """ / ##????????? | | ?????????????????##""" *### ######## | | ?????????????????##""" ### ########### | | ?????????????????##""" ### #### | | ?????????????????## !### ####+########### | | ?????????????????##""" ### + / ###### | | ?????????????????##""" ### # """ """ # ???? | | ?????????????????##""" ! " # """ """ # ???? | | ?????????????????## ######## """ """ #"???? | | ?????????????????################## #"???? | | ?????????????????############????##! #"???? | | ?????????????????????????????????## # ???? | | ?????????????????????????????????## * # ???? | | ?????????????????????????????????#############???? | | | +----------------------------------------------------+ Best States ------------- Heat Dissipation 51 Energy Generation 18 Energy Capacity 310 Matter Stores 300 Matter Capacity 300 Sight Range 22 Robot Scan Range 14 Terrain Scan Range 16 Terrain Scan Density 10 Armor Coverage 150 Resistance: KI 20 Core Shielding 20 Evasion (%) 55 Targeting Accuracy 6 Recoil Reduction 5 Particle Charging 15 Defensive Hacking 10 Item Schematics ----------------- None Robot Schematics ------------------ None Fabricated ------------ Nothing Repaired ---------- Nothing Studied --------- None Alien Tech Used ----------------- None Achievements -------------- None Challenges ------------ None Game ------ Seed GlidesysChromaticHammer Manual? 0 Play Time 00:54:09 Cumulative 136.6 hours Start 2026.09.09 @ 08:15:22 End 2026.09.10 @ 11:52:20 Sessions 3 Manual Loads 0 Difficulty Rogue Special Mode None Game No. 83 Rogue 83 Adventurer 0 Explorer 0 Win Type - Total 0 Types 0/0/0/0/0/0/0/0/0/0 Lore% 46 Gallery% 48 Achievement% 37 Wizard Run 0 Options --------- Layout 0 ASCII 0 Keyboard 1 Movement Vi Keybinds 0 Fullscreen 2 Font 18/SmallcapsGlow Map View 76x50 Zoom Use 0% Tactical HUD 1 Map Filters NONE Filters NONE Steam 1 RUN: a43da554-3507-40e0-aaca-fb57bb9996d8